Map: Romanticide LE

Players

Massa

  • Race: Terran Terran
  • League: Platinum
  • Spawn Location: 5:00

VOD

Have the link to the VOD?

Description

Time

  • Played on: Jan. 27, 2021, 3:42 p.m.
  • Length: 26:17
Show
View Real Time Build Order
Export as new Build Order

Massa Terran 

Build Orders:  

Get SALT Encoding   

  12  0:00  SCV  
  13  0:22  SCV  
  13  0:28  Supply Depot  
  14  0:39  SCV  
  15  0:58  SCV  
  16  1:00  Barracks  
  16  1:04  Refinery  
  16  1:15  SCV  
  17  1:32  SCV  
  18  1:49  SCV  
  19  2:13  Orbital Command  
  19  2:21  Command Center  
  19  2:25  Barracks Reactor  
  19  2:47  Supply Depot  
  19  2:51  SCV  
  20  3:07  Factory  
  20  3:08  SCV  
  21  3:19  Marine x2  
  23  3:25  SCV  
  24  3:36  Supply Depot  
  24  3:42  SCV  
  24  3:44  Marine x2  
  27  3:59  SCV  
  28  4:04  Orbital Command  
  28  4:09  Marine x2  
  30  4:11  Starport  
  30  4:26  SCV  
  31  4:42  SCV  
  31  4:45  Hellion x2  
  31  4:46  Barracks Tech Lab  
  36  4:52  SCV  
  36  4:59  SCV  
  38  5:09  Refinery  
  38  5:15  Hellion x2  
  42  5:22  Barracks Tech Lab  
  42  5:26  Banshee  
  45  5:32  SCV x2  
  45  5:37  Refinery  
  38  6:10  Cloaking Field  
  41  6:16  SCV  
  41  6:17  SCV  
  43  6:26  Barracks x2  
  43  6:28  Command Center  
  43  6:31  Engineering Bay  
  43  6:33  SCV  
  43  6:34  SCV  
  45  6:50  SCV  
  44  7:21  Banshee  
  44  7:22  SCV  
  44  7:23  SCV  
  49  7:34  Supply Depot  
  49  7:35  Barracks Reactor, Barracks Tech Lab, Supply Depot  
  49  7:36  Supply Depot  
  49  7:37  Refinery  
  49  7:38  Marine x2, Supply Depot  
  49  7:39  SCV  
  47  7:40  SCV  
  53  8:04  Siege Tank  
  54  8:14  SCV x2  
  54  8:15  SCV  
  54  8:17  Supply Depot  
  57  8:20  Marine  
  57  8:21  Banshee  
  57  8:22  Marine  
  62  8:31  SCV x2  
  62  8:32  SCV  
  62  9:06  SCV x3  
  65  9:23  SCV x3  
  68  9:40  SCV  
  68  9:41  Stimpack  
  66  10:15  SCV x2  
  68  10:32  SCV x2  
  68  10:37  Siege Tank  
  72  10:49  SCV x2, Barracks  
  72  10:56  Starport Reactor  
  72  10:58  Missile Turret, Supply Depot  
  72  11:00  Supply Depot  
  72  11:02  Supply Depot  
  72  11:09  Orbital Command  
  72  11:11  SCV x2  
  72  11:16  Marauder, Marine x2  
  72  11:17  Marine x2  
  80  11:26  Barracks  
  80  11:27  Factory  
  80  11:28  SCV x2  
  80  11:29  Barracks  
  82  11:31  Supply Depot  
  82  11:36  Starport, Supply Depot  
  82  11:41  Marine x2  
  82  11:42  Marine  
  82  11:45  SCV, Sensor Tower  
  82  11:46  Marauder  
  88  11:51  Terran Infantry Weapons Level 1  
  88  11:54  Sensor Tower  
  88  11:58  Armory  
  88  12:01  Command Center  
  88  12:04  Engineering Bay  
  88  12:08  Marine x4  
  92  12:11  Siege Tank  
  92  12:13  Medivac x2  
  92  12:16  Marauder  
  101  12:31  Refinery  
  101  12:33  Marine x4  
  101  12:38  Refinery  
  90  12:40  Marine x2  
  90  12:45  Marauder  
  84  12:55  Medivac  
  83  13:12  Barracks Reactor, Barracks Tech Lab  
  83  13:13  Factory Tech Lab  
  83  13:15  Marauder, Unknown  
  83  13:18  Concussive Shells  
  71  13:33  Marine  
  71  13:34  Marine x3  
  71  13:39  Marauder  
  69  13:45  Marauder, Siege Tank  
  69  13:49  Orbital Command, Siege Tank  
  78  13:57  Marauder  
  78  13:59  Marine x2  
  81  14:01  Unknown  
  81  14:09  Marauder  
  78  14:15  Marauder  
  73  14:24  Marine x2  
  73  14:26  Orbital Command  
  73  14:27  Marauder  
  74  14:33  Marine x2  
  74  14:45  Marauder  
  74  14:48  Unknown, Marine  
  74  14:49  Marine  
  73  14:57  Marauder, Siege Tank  
  73  14:58  Marine x2  
  75  15:11  Refinery  
  75  15:13  Marine  
  75  15:14  Refinery, Marine  
  75  15:15  Marauder  
  79  15:23  Marine  
  79  15:27  Marauder  
  82  15:31  Siege Tank  
  82  15:35  Terran Infantry Armor Level 1  
  82  15:45  Marauder  
  82  15:48  Orbital Command  
  84  15:57  Marauder  
  86  16:06  Planetary Fortress  
  86  16:08  SCV  
  86  16:09  SCV  
  88  16:15  Marauder  
  90  16:25  SCV  
  90  16:26  SCV x2  
  90  16:27  Marauder  
  95  16:37  Sensor Tower  
  95  16:42  SCV x2  
  95  16:43  SCV  
  95  16:45  Marauder  
  100  16:50  Siege Tank  
  100  16:53  Marine x4  
  100  16:57  Marauder  
  100  16:58  Starport Reactor  
  100  16:59  SCV x2  
  111  17:00  SCV  
  111  17:07  SCV  
  113  17:15  Marine  
  113  17:16  SCV x2  
  113  17:17  SCV  
  113  17:18  Marine x3  
  120  17:24  SCV  
  121  17:33  SCV x3  
  121  17:35  Siege Tank  
  127  18:04  SCV x2  
  127  18:05  SCV x2  
  131  18:21  SCV x2, Sensor Tower  
  131  18:22  SCV x2  
  131  18:28  Refinery  
  135  18:30  Refinery  
  135  18:38  SCV x2  
  137  18:51  Unknown  
  126  19:36  Siege Tank  
  126  19:37  Marauder x2  
  126  19:38  Marine x2  
  126  19:39  Marine x2  
  137  19:42  Terran Infantry Armor Level 2, Terran Infantry Weapons Level 2, Terran Vehicle Weapons Level 1  
  137  19:45  Medivac x2  
  141  20:03  Marine x2  
  141  20:04  Marine  
  141  20:07  Marauder x2  
  148  20:43  Drilling Claws, Supply Depot  
  148  20:45  Supply Depot  
  148  20:46  Supply Depot  
  148  20:51  Supply Depot  
  148  21:08  Command Center  
  148  21:12  Command Center  
  148  21:13  Marauder x2, Medivac x2  
  148  21:15  Supply Depot, Siege Tank  
  148  21:18  Armory  
  148  21:19  Supply Depot  
  159  21:22  Command Center x2  
  159  21:25  Supply Depot  
  159  21:26  Siege Tank  
  159  21:29  Siege Tank  
  159  21:34  Command Center  
  159  21:55  Medivac x2  
  134  22:42  Marauder x2, Marine  
  138  23:12  Marauder x2  
  142  23:26  Planetary Fortress  
  142  23:30  SCV  
  142  23:31  SCV x4  
  142  23:33  Planetary Fortress  
  147  23:42  Planetary Fortress  
  147  23:45  Marauder  
  147  23:46  Marauder, Marine  
  147  23:47  SCV  
  147  23:48  SCV  
  154  23:52  Planetary Fortress  
  152  24:15  Marauder  
  152  24:16  Marauder  
  152  24:19  Siege Tank  
  130  24:24  Siege Tank  
  115  24:35  Marine  
  115  24:36  Marine x3  
  111  24:45  Marauder  
  111  24:46  Marauder  
  111  24:49  SCV x2  
  109  24:50  SCV x4  
  110  25:00  Marine  
  110  25:01  Marine x3  
  110  25:09  Missile Turret  
  114  25:15  Marauder  
  114  25:16  Marauder  
  115  25:24  SCV x3  
  115  25:25  SCV x3, Marine  
  122  25:30  Marine  
  122  25:31  Marine x2  
  125  25:41  SCV x4  
  125  25:42  SCV x2  
  125  25:45  Marauder x2  
  133  25:50  Marine  
  135  26:05  Missile Turret  
Tags
 
League
Platinum
Matchup
Co-op
Replay Pack
Multiplayer
Add a new tag
Caveats
  • Supply blocks, unpowered buildings, or Contaminate may cause inaccurate times.
  • Supply counts are checked every 10 seconds.